Map: New Repugnancy LE

Players

Mez

  • Race: Terran Terran
  • League: Master
  • Spawn Location: 1:00

Oris - Winner!

  • Race: Terran Terran
  • League: Master
  • Spawn Location: 7:00

VOD

Have the link to the VOD?

Description

Time

  • Played on: Aug. 1, 2019, 12:12 a.m.
  • Length: 17:04
Show
View Real Time Build Order
Export as new Build Order

Mez Terran 

Build Orders: Cyclone Opening 

Get SALT Encoding   

  12  0:01  SCV  
  13  0:13  SCV  
  14  0:18  Supply Depot  
  14  0:25  SCV  
  15  0:39  SCV  
  15  0:40  Barracks  
  16  0:44  Refinery  
  16  0:51  SCV  
  16  0:54  Refinery  
  17  1:04  SCV  
  18  1:19  SCV  
  19  1:29  Reaper  
  19  1:31  Orbital Command  
  20  1:36  Supply Depot  
  20  1:43  Factory  
  20  1:57  SCV  
  21  2:02  Barracks Reactor  
  21  2:10  SCV  
  22  2:22  SCV  
  23  2:35  SCV  
  23  2:36  Factory Tech Lab  
  24  2:47  SCV  
  24  2:49  Command Center  
  24  2:53  Marine x2  
  24  2:55  Cyclone  
  29  2:59  SCV  
  29  3:03  Supply Depot  
  30  3:16  Starport  
  30  3:22  Marine  
  30  3:25  Marine  
  32  3:28  Cyclone  
  32  3:32  SCV  
  36  3:35  Supply Depot  
  36  3:45  Marine x2  
  36  3:46  SCV  
  32  4:03  Marine x2  
  32  4:04  Starport Tech Lab  
  32  4:08  SCV  
  34  4:13  Siege Tank  
  37  4:20  SCV  
  37  4:22  Marine x2  
  37  4:23  Raven  
  42  4:33  Orbital Command  
  42  4:34  SCV  
  43  4:44  Marine x2  
  45  4:45  Siege Tank  
  45  4:48  SCV  
  47  5:00  SCV  
  47  5:01  SCV  
  49  5:11  Raven  
  49  5:12  SCV  
  49  5:13  SCV  
  49  5:14  Refinery  
  53  5:18  Supply Depot  
  53  5:24  SCV  
  54  5:32  Command Center, Factory Reactor  
  54  5:39  SCV x2  
  56  5:51  SCV x2  
  56  5:52  Barracks  
  56  5:53  Stimpack  
  56  5:54  Barracks  
  58  5:57  Viking  
  58  6:01  Supply Depot  
  58  6:03  SCV x2  
  62  6:08  Engineering Bay  
  62  6:09  Engineering Bay  
  62  6:15  SCV x2  
  64  6:19  Marine  
  64  6:20  Refinery  
  65  6:27  SCV x2, Supply Depot  
  67  6:36  Starport Reactor  
  67  6:43  SCV x2  
  67  6:44  Siege Tank  
  67  6:46  Orbital Command  
  72  6:48  Terran Infantry Armor Level 1, Terran Infantry Weapons Level 1  
  72  6:49  Marine  
  72  6:53  Marine x4  
  77  6:57  SCV x2  
  79  7:04  Supply Depot  
  79  7:06  Orbital Command  
  79  7:07  Marine  
  80  7:11  SCV, Marine, Barracks  
  80  7:12  Barracks  
  80  7:15  SCV  
  84  7:18  Siege Tank  
  84  7:19  Marine x2  
  87  7:31  SCV  
  87  7:32  SCV  
  88  7:39  Marine x3  
  88  7:40  Marine x2  
  88  7:42  Medivac x2  
  88  7:43  SCV  
  95  8:00  Barracks Reactor x2  
  94  8:08  Supply Depot  
  94  8:09  Supply Depot  
  94  8:12  Marine  
  94  8:20  Combat Shield  
  94  8:29  Marine x5  
  80  8:43  Marine x4  
  80  8:44  SCV x2, Medivac x2  
  80  8:47  Marine x4  
  94  8:49  Armory  
  94  8:55  Marine  
  95  8:56  SCV x2  
  95  9:00  Marine, Command Center  
  98  9:07  Marine x5  
  98  9:08  SCV x2  
  88  9:26  Marine x9  
  84  9:33  Medivac x2  
  88  9:40  Terran Infantry Weapons Level 2  
  88  9:44  Marine x2  
  90  9:50  SCV x2  
  90  9:52  Terran Infantry Armor Level 2  
  92  9:56  Supply Depot  
  92  9:59  Supply Depot  
  92  10:05  SCV x2  
  94  10:12  Orbital Command  
  94  10:17  SCV  
  94  10:20  Marine x9  
  104  10:24  SCV  
  108  10:29  SCV  
  106  10:36  SCV, Command Center  
  106  10:37  Marine  
  106  10:38  Marine  
  106  10:39  Marine x4  
  106  10:40  Marine x2  
  115  10:45  Supply Depot x2  
  115  10:56  SCV x2  
  115  10:57  SCV, Marine x4  
  118  11:01  Medivac x2  
  118  11:02  Siege Tank  
  129  11:05  Terran Ship Weapons Level 1  
  129  11:08  SCV  
  129  11:10  Refinery  
  130  11:13  Refinery  
  130  11:20  Marine x9  
  119  11:38  Marine x9  
  115  11:42  Siege Tank, Medivac x2  
  115  11:44  Barracks  
  115  11:46  Barracks  
  122  11:47  Barracks  
  122  11:49  Factory  
  121  11:55  Marine  
  121  11:59  Marine x4  
  126  12:13  Marine x4, Medivac  
  126  12:14  Siege Tank, Medivac  
  126  12:31  Marine x4  
  126  12:32  Barracks Tech Lab x2  
  126  12:34  Barracks Tech Lab  
  126  12:35  Terran Infantry Armor Level 3, Terran Infantry Weapons Level 3  
  130  12:53  Marine, Marauder  
  130  12:54  Marine x7, Marauder x3  
  130  12:55  Concussive Shells  
  146  13:11  Marine x3  
  146  13:12  Viking x2, Marine x2  
  145  13:14  Factory Tech Lab  
  145  13:15  Thor  
  151  13:28  Marauder x2  
  151  13:29  Marauder x2  
  159  13:54  Marine x5  
  159  13:55  Marine, Marauder x2  
  166  14:05  Marine x2, Marauder x2  
  171  14:12  Marine  
  172  14:27  Marine  
  172  14:50  Planetary Fortress, Supply Depot x3  
  172  14:54  Command Center  
  172  15:07  Marine  
  172  15:08  Marine x2, Marauder  
  172  15:09  SCV  
  172  15:11  Marine x6  
  172  15:12  Siege Tank x2, Marauder x2  
  176  15:18  Medivac x2  
  163  15:26  Marine, Marauder  
  154  15:29  Marauder  
  132  15:43  SCV  
  132  15:44  Siege Tank x2, SCV x3, Starport x2  
  132  15:45  Starport  
  132  15:48  Viking x2  
  130  15:55  SCV  
  130  15:56  SCV x3  
  133  16:01  Liberator  
  131  16:08  SCV  
  131  16:11  SCV x4  
  131  16:15  Thor  
  142  16:35  Starport Reactor x2, Starport Tech Lab  
  142  16:39  Marine x6, Marauder x3  
Show
View Real Time Build Order
Export as new Build Order

Oris Terran - Winner!

Build Orders: 1/1/1, Liberator Opening, Mech 

Get SALT Encoding   

  12  0:00  SCV  
  13  0:12  SCV  
  14  0:17  Supply Depot  
  14  0:25  SCV  
  14  0:27  Refinery  
  15  0:38  SCV  
  16  0:45  Barracks  
  16  0:50  SCV  
  16  0:55  Refinery  
  17  1:02  SCV  
  18  1:15  SCV  
  19  1:32  Orbital Command  
  19  1:34  Barracks Reactor  
  19  1:36  Factory  
  19  1:46  Supply Depot  
  19  1:57  SCV  
  20  2:10  Reaper x2  
  20  2:12  SCV  
  23  2:20  Hellion  
  23  2:21  Starport  
  25  2:27  Supply Depot  
  25  2:29  SCV  
  25  2:49  SCV  
  26  2:53  Reaper x2  
  26  2:54  Hellion  
  30  3:01  SCV  
  31  3:17  Liberator, Factory Tech Lab  
  31  3:18  SCV  
  32  3:23  Command Center  
  32  3:30  SCV  
  32  3:33  Supply Depot  
  33  3:38  Barracks Tech Lab  
  30  4:07  Cyclone  
  30  4:09  SCV  
  33  4:15  Factory  
  32  4:17  Command Center  
  32  4:22  SCV  
  33  4:34  SCV  
  33  4:36  Supply Depot  
  34  4:40  Orbital Command  
  34  4:47  Siege Tank  
  37  4:57  Viking  
  39  5:01  Viking  
  39  5:04  SCV  
  42  5:09  SCV  
  42  5:13  Siege Tank  
  46  5:20  Siege Tank  
  49  5:22  SCV  
  49  5:23  SCV  
  51  5:32  Orbital Command  
  51  5:34  SCV  
  52  5:36  Refinery x2  
  52  5:39  SCV  
  52  5:42  Viking  
  55  5:46  SCV  
  55  5:47  Viking  
  58  5:52  SCV  
  59  5:58  SCV  
  59  6:02  SCV  
  59  6:04  SCV  
  62  6:08  Supply Depot  
  62  6:09  Siege Tank, Supply Depot  
  62  6:10  SCV  
  66  6:14  SCV  
  66  6:17  Siege Tank  
  70  6:20  SCV  
  70  6:22  SCV  
  72  6:26  SCV, Supply Depot  
  72  6:28  Viking  
  72  6:31  Viking  
  77  6:39  SCV x2  
  80  6:40  SCV  
  77  6:47  Siege Tank  
  77  6:51  SCV x2, Supply Depot  
  82  6:57  SCV  
  82  7:00  Supply Depot  
  83  7:02  Siege Tank  
  83  7:03  SCV  
  83  7:07  SCV  
  88  7:09  SCV  
  88  7:13  Supply Depot  
  89  7:15  SCV  
  89  7:18  Factory  
  89  7:20  Factory, SCV  
  91  7:42  SCV x2  
  93  7:57  SCV  
  93  7:58  SCV x2  
  96  8:00  Siege Tank x2  
  102  8:15  SCV x2  
  102  8:18  Orbital Command  
  104  8:22  Factory Reactor x2  
  104  8:26  Armory x2  
  104  8:28  Supply Depot  
  104  8:29  Supply Depot  
  104  8:30  Supply Depot  
  104  8:32  Siege Tank  
  92  8:43  SCV x2  
  92  8:45  Siege Tank  
  92  8:46  Viking  
  99  9:00  Command Center  
  99  9:04  Siege Tank  
  99  9:06  Supply Depot x2  
  99  9:07  Supply Depot  
  99  9:08  Supply Depot  
  102  9:10  Supply Depot  
  102  9:15  Hellbat x4  
  110  9:17  Siege Tank  
  106  9:25  Viking  
  106  9:26  Viking  
  106  9:35  SCV x3  
  106  9:36  Siege Tank, Refinery  
  106  9:37  Refinery  
  112  9:41  Engineering Bay  
  112  9:47  Hellbat x3  
  112  9:51  Terran Vehicle Weapons Level 1  
  118  9:53  Factory, Terran Vehicle And Ship Armor Level 1  
  118  9:54  SCV x3  
  121  10:04  Siege Tank  
  121  10:06  SCV x3  
  127  10:08  Supply Depot  
  127  10:09  Supply Depot  
  127  10:10  Viking  
  129  10:18  SCV  
  130  10:21  Missile Turret x3  
  130  10:22  Missile Turret  
  130  10:23  Missile Turret x2  
  130  10:25  Missile Turret  
  130  10:26  Missile Turret  
  130  10:29  Missile Turret  
  130  10:31  Hellbat x3  
  130  10:32  Command Center  
  130  10:35  Siege Tank  
  139  10:44  Siege Tank  
  139  10:45  Factory Tech Lab  
  142  10:53  Sensor Tower  
  142  10:56  Hellbat  
  142  10:57  Sensor Tower, Hellion, Hellbat  
  148  10:58  SCV x2  
  148  10:59  SCV  
  151  11:04  Siege Tank  
  151  11:07  Siege Tank  
  151  11:10  SCV  
  132  11:36  Siege Tank  
  132  11:37  Siege Tank, Hellion x4  
  143  11:41  SCV x3  
  143  11:43  Hellion x4  
  146  11:51  Command Center  
  146  11:54  Hellion  
  146  12:02  Siege Tank, Hellbat  
  146  12:03  Hellbat x3  
  154  12:09  Hellbat  
  156  12:18  Thor  
  156  12:21  Terran Vehicle And Ship Armor Level 2, Terran Vehicle Weapons Level 2  
  162  12:27  Fusion Core, Starport  
  162  12:29  Starport  
  162  12:36  Infernal Pre-Igniter  
  162  12:50  SCV x2  
  162  12:51  SCV  
  162  12:56  Missile Turret  
  162  12:57  Missile Turret, Refinery x2  
  163  13:06  Siege Tank x2  
  161  13:15  Thor  
  161  13:16  Missile Turret  
  161  13:17  Hellbat x2  
  161  13:18  Hellbat x2  
  161  13:19  Missile Turret, Planetary Fortress  
  175  13:21  Missile Turret  
  175  13:22  Missile Turret  
  175  13:24  SCV x3  
  178  13:27  Orbital Command  
  178  13:28  Orbital Command  
  178  13:38  Siege Tank  
  178  13:40  Starport Tech Lab  
  178  13:41  Starport Reactor  
  181  13:53  Liberator x3  
  181  13:56  Command Center  
  181  14:00  Siege Tank x2, Hellbat x2  
  181  14:01  Hellbat  
  166  14:09  Hellbat  
  177  14:21  Viking x2  
  181  14:33  Liberator  
  181  14:34  Liberator  
  181  14:36  Liberator  
  181  14:50  Siege Tank x2  
  191  15:15  Siege Tank  
  176  15:22  Siege Tank  
  176  15:25  Siege Tank  
  176  15:26  Widow Mine x2  
  177  15:33  Hellbat x2  
  177  15:43  SCV x4  
  177  15:46  SCV x2  
  177  15:47  Siege Tank, Hellbat  
  175  15:52  Viking x3  
  175  15:53  Viking x2  
  175  15:54  Siege Tank  
  183  16:07  Refinery  
  183  16:17  Orbital Command  
  183  16:25  Siege Tank  
Tags
 
Add a new tag
Caveats
  • Supply blocks, unpowered buildings, or Contaminate may cause inaccurate times.
  • Supply counts are checked every 10 seconds.